 Dungeon Crawl Stone Soup version 0.29.1-15-g9cfb28693d (webtiles) character file.

Game seed: 14870803892592005824

63 Ast3rio the Chopper (level 4, 0/40 HPs)
             Began as a Hill Orc Monk on Mar 14, 2023.
             Splashed by a jelly's acid (12 damage)
             ... on level 2 of the Dungeon.
             The game lasted 00:02:24 (2173 turns).

Ast3rio the Chopper (Hill Orc Monk)                 Turns: 2173, Time: 00:02:24

Health: 0/40       AC: -6    Str: 15    XL:     4   Next: 9%
Magic:  4/4        EV: 12    Int: 10    God:
Gold:   78         SH:  0    Dex: 13    Spells: 3/3 levels left

rFire   . . .      SeeInvis .   a - +0 hand axe
rCold   . . .      Faith    .   (no shield)
rNeg    . . .      Spirit   .   b - +0 robe
rPois   .          Reflect  .   (no helmet)
rElec   .          Harm     .   (no cloak)
rCorr   .          Rampage  .   (no gloves)
Will    .....                   (no boots)
Stlth   ++........              (no amulet)
HPRegen 0.13/turn               (no ring)
MPRegen 0.09/turn               (no ring)

@: corroded
A: no striking features
a: no special abilities


You were on level 2 of the Dungeon.
You visited 1 branch of the dungeon, and saw 2 of its levels.

You collected 78 gold pieces.

Inventory:

Hand Weapons
 a - a +0 hand axe (weapon)
Armour
 b - a +0 robe (worn)
Wands
 k - a wand of mindburst (17)
Scrolls
 f - a scroll of poison {unknown}
 h - 2 scrolls of identify {unknown}
 j - a scroll of blinking {unknown}
 l - a scroll of teleportation {unknown}
 m - a scroll of torment {unknown}
Potions
 c - a potion of ambrosia
 d - a potion of cancellation {unknown}
 e - a potion of invisibility {unknown}
 g - a potion of curing {unknown}
 i - 2 potions of attraction {unknown}
 n - a potion of lignification {unknown}


   Skills:
 + Level 4.2 Fighting
 + Level 5.1 Axes
 + Level 2.9 Dodging
 + Level 1.9 Stealth


You had 3 spell levels left.
You didn't know any spells.
Your spell library contained the following spells:

 Spells                   Type           Power      Damage    Failure   Level
 Necrotise                Necr           0%         1d4       36%         1
 Portal Projectile        Hex/Tloc       0%         N/A       75%         3
 Summon Guardian Golem    Hex/Summ       0%         N/A       75%         3
 Tukima's Dance           Hex            0%         N/A       75%         3
 Vampiric Draining        Necr           0%         2d6       75%         3
 Agony                    Necr           0%         N/A       100%        5
 Blade Hands              Tmut           0%         N/A       100%        5
 Orb of Destruction       Conj           0%         9d5       100%        7
 Spellforged Servitor     Conj/Summ      0%         N/A       100%        7


Dungeon Overview and Level Annotations

Branches:
Dungeon (2/15)

Altars:


Message History

You hit the kobold.
You kill the kobold!
You hit the kobold.
You kill the kobold!
You barely miss the kobold. The kobold barely misses you.
You hit the kobold.
You kill the kobold!
Things that are here:
a +0 dagger; 3 stones
h - 2 scrolls labelled WAFURU BANEECH (gained 1)
You open the door.
There is an open door here.
A kobold comes into view. It is wielding a +0 whip.
The kobold shouts!
You hit the kobold.
You kill the kobold!
You see here a +0 whip.
You open the door.
A jelly and 2 endoplasms come into view.
Found a goblin skeleton. 7 endoplasms and 2 jellies come into view.
Found four items.
There is an open door here.
The endoplasm quivers.
The jelly quivers.
The endoplasm quivers.
The helpless endoplasm fails to defend itself.
You slash the endoplasm!
You kill the endoplasm!
The endoplasm hits the fungus.
The fungus begins to die.
The endoplasm hits the fungus.
The endoplasm hits the fungus.
The fungus begins to die.
The jelly misses you.
The jelly quivers.
The endoplasm quivers.
You hit the jelly.
Your hands burn!
The jelly is moderately wounded.
You hit the jelly. The acid corrodes you!
Your hands burn!
You hit the fungus. The jelly hits you. The acid corrodes you!
You are splashed with acid.
The endoplasm hits the fungus.
The jelly hits you.
* * * LOW HITPOINT WARNING * * *
You are splashed with acid!
You die...

#.## #######.##.J.J.?##.
#..###....#.#.#P.÷..÷##..
...##)....#.#.#.J..÷.##..
...'......#'#.#P..PPP##..########
#..)).......#)#JJJ÷..##.#.#......
...').......#.#P.P...##.#.....###
...##.......#.#..J...##.##.....#
...###......##'JJP.P.##......#.##
...# ##########.@JJ÷.##.##...#...
....# #########.##.#..... ##.#.##
.# ###########>(...####
#.#..##.................#..#####
##.##.....##.#..#....#####.#.....
....................>#####...####
.##.#####.#...#......##.....÷)...
##...##..)#...#.........#.#......
#.............#.............<....


You could see 3 jellies and 6 endoplasms.

Vanquished Creatures
  An adder (D:2)
  A dart slug (D:1)
  A bat (D:1)
  3 endoplasms
  2 giant cockroaches
  6 goblins
  A hobgoblin (D:2)
  6 jackals (D:1)
  2 quokkas (D:1)
  3 ball pythons
  2 frilled lizards
  14 kobolds
  3 rats
45 creatures vanquished.

Vanquished Creatures (others)
  7 toadstools (D:2)
7 creatures vanquished.

Grand Total: 52 creatures vanquished

Notes
Turn   | Place    | Note
-------+----------+-------------------------------------------
     0 | D:1      | Ast3rio the Hill Orc Monk began the quest for the Orb.
     0 | D:1      | Reached XP level 1. HP: 19/19 MP: 1/1
   228 | D:1      | Reached XP level 2. HP: 27/27 MP: 2/2
   911 | D:1      | Reached XP level 3. HP: 30/33 MP: 3/3
  1300 | D:1      | Found a faded altar of an unknown god.
  2137 | D:2      | Reached skill level 5 in Axes
  2139 | D:2      | Reached XP level 4. HP: 30/40 MP: 4/4
  2173 | D:2      | Splashed by a jelly's acid

Illustrated notes

Levels and vault maps discovered:
D:1:      minmay_arrival_stair_chambers, layout_basic,
          ebering_ecumenical_altar_petrified, minivault_27
D:2:      cheibrodos_fertilizer, layout_rooms, minmay_increasing_density

Skill      XL: |  1  2  3 |
---------------+----------+-----
Fighting       | 4 |  4.2
Axes           | 5 |  5.1
Dodging        | |  2.9
Stealth        | |  1.9

Action                   |  1- 3 |  4- 6 || total
-------------------------+-------+-------++-------
Melee: Hand axe          |   120 |     6 ||   126
       Punch             |     3 |       ||     3
 Stab: Sleeping          |     4 |     1 ||     5
Armor: Robe              |    43 |       ||    43
Dodge: Dodged            |    91 |     3 ||    94
